 Dungeon Crawl Stone Soup version 0.28.0-43-g3370ac3207 (webtiles) character file.

Game seed: 1765209691857050884

10006 mcbry74 the Grappler (level 11, -6/92 HPs)
             Began as a Troll Gladiator on Mar 11, 2022.
             Was a High Priest of Okawaru.
             Mangled by a polar bear simulacrum (9 damage)
             ... in an ice cave.
             The game lasted 00:43:53 (10074 turns).

mcbry74 the Grappler (Troll Gladiator)             Turns: 10074, Time: 00:43:54

Health: -6/92      AC: 12    Str: 26    XL:     11   Next: 30%
Magic:  13/13      EV: 11    Int:  6    God:    Okawaru [*****.]
Gold:   837        SH: 11    Dex: 11    Spells: 10/10 levels left

rFire   . . .      SeeInvis .     - Unarmed
rCold   . . .      Faith    .   w - +0 tower shield
rNeg    . . .      Spirit   .   z - +0 steam dragon scales
rPois   .          Reflect  .   b - +1 hat
rElec   .          Harm     .   (no cloak)
rCorr   .          Rampage  .   (gloves unavailable)
Will    .....                   (boots unavailable)
Stlth   +.........              R - amulet of the acrobat
HPRegen 1.05/turn               B - +4 ring of protection
MPRegen 0.13/turn               H - +4 ring of evasion

@: studying Slings
A: large, unfitting armour, claws 3, regeneration 1, shaggy fur 1, tough skin 1
a: Renounce Religion, Heroism, Finesse, Duel


You were in an ice cave.
You worshipped Okawaru.
Okawaru was extremely pleased with you.
You visited 3 branches of the dungeon, and saw 13 of its levels.
You also visited: Ice Cave.

You collected 837 gold pieces.

Inventory:

Hand Weapons
 c - a +0 hunting sling
 r - a +0 giant spiked club of freezing
 F - a +4 dagger of holy wrath
Missiles
 d - 390 stones
 h - 3 boomerangs (quivered)
 k - 16 poisoned darts
 q - 83 sling bullets
 A - 2 silver javelins
 D - 2 curare-tipped darts
 J - 4 atropa-tipped darts
 O - 14 datura-tipped darts
 Q - a throwing net
 S - 6 large rocks
Armour
 a - a +0 robe
 b - a +1 hat (worn)
 w - a +0 tower shield (worn)
 z - +0 steam dragon scales (worn)
 G - the +2 robe of Plog {rC- rN+ Will++ rCorr}
   (You found it on level 7 of the Dungeon)

   rC:        It makes you vulnerable to cold.
   rN:        It protects you from negative energy.
   rCorr:     It protects you from acid and corrosion.
   Will:      It greatly increases your willpower.
Jewellery
 l - a ring of ice
 B - a +4 ring of protection (left claw)
 H - a +4 ring of evasion (right claw)
 I - a ring of magical power
 L - a ring of protection from fire
 R - an amulet of the acrobat (around neck)
Wands
 y - a wand of mindburst (11)
Scrolls
 g - a scroll of fear
 i - 2 scrolls of amnesia
 j - 5 scrolls of identify
 m - 3 scrolls of immolation
 u - a scroll of fog
 v - 7 scrolls of teleportation
 E - 2 scrolls of torment
 K - a scroll of blinking
Potions
 e - 5 potions of heal wounds
 n - 2 potions of flight {unknown}
 o - 2 potions of brilliance
 p - 3 potions of haste
 s - 2 potions of mutation
 t - 2 potions of lignification {unknown}
 x - a potion of curing {unknown}
 C - 3 potions of might
 M - a potion of resistance {unknown}
 N - 2 potions of attraction {unknown}
 P - a potion of cancellation {unknown}


   Skills:
 - Level 1.5 Fighting
 + Level 8.2 Maces & Flails
 - Level 2.1(3.2) Slings
 + Level 5.0(5.4) Throwing
 + Level 3.1 Dodging
 + Level 2.0 Shields
 + Level 13.0 Unarmed Combat
 - Level 5.0 Invocations


You had 10 spell levels left.
You didn't know any spells.
Your spell library contained the following spells:

 Spells                   Type           Power      Damage    Failure   Level
 Magic Dart               Conj           0%         1d3       98%         1
 Sandblast                Erth           0%         2d4       98%         1
 Passwall                 Tmut/Erth      0%         N/A       99%         2
 Searing Ray              Conj           0%         2d4       99%         2
 Conjure Flame            Conj/Fire      0%         6-21      100%        3
 Dazzling Flash           Conj/Hex       0%         N/A       100%        3
 Ignite Poison            Fire/Tmut/Pois 0%         N/A       100%        3
 Stone Arrow              Conj/Erth      0%         3d7       100%        3
 Fulminant Prism          Conj/Hex       0%         3d6       100%        4
 Iskenderun's Mystic Bla  Conj/Tloc      0%         2d3       100%        4
 Passage of Golubria      Tloc           0%         N/A       100%        4
 Sticky Flame             Conj/Fire      0%         2d3       100%        4
 Blade Hands              Tmut           0%         N/A       100%        5
 Yara's Violent Unravell  Hex/Tmut       0%         3d3       100%        5
 Iron Shot                Conj/Erth      0%         9d1       100%        6
 Starburst                Conj/Fire      0%         6d3       100%        6
 Tukima's Dance           Hex            Unusable   N/A       N/A         3
 Animate Armour           Summ/Erth      Unusable   N/A       N/A         4

Dungeon Overview and Level Annotations

Branches:
Dungeon (11/15)            Temple (1/1) D:4            Lair (1/6) D:8
  IceCv (1/1)
    Orc: D:9-12

Altars:
Elyvilon
Gozag
Hepliaklqana
Kikubaaqudgha
Makhleb
Nemelex Xobeh
Okawaru
Qazlal
Ru
Sif Muna
Trog
Wu Jian
Xom
Yredelemnul
Zin

Shops:
D:9 *


Innate Abilities, Weirdness & Mutations

You are too large for most types of armour.
You have claws for hands.
Your natural rate of healing is unusually fast.
You are covered in fur. (AC +1)
You have tough skin. (AC +1)


Message History

You block the death yak simulacrum's attack.
You mangle the death yak simulacrum!!
The death yak simulacrum vaporises!
Okawaru accepts your kill.
Your Throwing skill increases to level 5!
You mangle the elephant simulacrum!!
The elephant simulacrum is severely damaged.
The elephant simulacrum tramples you.
You stumble backwards!
You claw the elephant simulacrum!
The elephant simulacrum vaporises!
Okawaru accepts your kill.
Your Shields skill increases to level 2!
Really walk into that cloud of freezing vapour? [Y]es or [N]o only, please.
Really walk into that cloud of freezing vapour? [Y]es or [N]o only, please.
Really walk into that cloud of freezing vapour?
Okay, then.
You claw the polar bear simulacrum!
The polar bear simulacrum is moderately damaged.
The polar bear simulacrum bites you! The polar bear simulacrum freezes you!
The polar bear simulacrum claws you. The polar bear simulacrum freezes you!
* * * LOW HITPOINT WARNING * * *
The polar bear simulacrum claws you but does no damage.
You scratch the polar bear simulacrum.
The polar bear simulacrum is heavily damaged.
You block the polar bear simulacrum's attack.
The polar bear simulacrum misses you.
You block the polar bear simulacrum's attack.
You claw the polar bear simulacrum!
The polar bear simulacrum is almost destroyed.
The polar bear simulacrum bites you!
* * * LOW HITPOINT WARNING * * *
The polar bear simulacrum freezes you!
* * * LOW HITPOINT WARNING * * *
You block the polar bear simulacrum's attack.
The polar bear simulacrum claws you.
* * * LOW HITPOINT WARNING * * *
The polar bear simulacrum freezes you!
You die...

### #######
!?.. ##.....#
..... ##......#
......#.......#
.......Z@∩..∩.#
......#.......#
..... ##......#
?(.. ##.....#
### #######


You could see a polar bear simulacrum.

Vanquished Creatures
  Harold (D:8)
  3 elephants (D:8)
  Joseph (D:8)
  A cane toad (Lair:1)
  A komodo dragon (D:8)
  2 rime drakes (D:11)
  4 trolls
  Sigmund (D:2)
  2 wyverns
  9 yaks
  A steam dragon (D:9)
  2 death yak simulacra (IceCv)
  2 vampire mosquitoes
  A water moccasin (D:8)
  2 orc warriors
  3 sky beasts
  2 ice beasts
  7 centaurs
  2 ogres
  A phantom (D:5)
  4 kobold brigands
  3 bullfrogs
  A scorpion (D:5)
  A water moccasin skeleton (D:4)
  2 elephant simulacra (IceCv)
  6 killer bees (D:10)
  2 electric eels
  7 howler monkeys
  A centaur zombie (D:7)
  A bullfrog zombie (D:6)
  A centaur skeleton (D:7)
  3 hounds
  An orc priest (D:9)
  A gnoll shaman (D:7)
  3 iguanas
  8 orc wizards
  A killer bee zombie (D:8)
  A hound zombie (D:5)
  2 howler monkey zombies (D:9)
  6 adders
  9 gnolls (D:7)
  A howler monkey skeleton (D:5)
  2 adder skeletons (D:4)
  2 worms (D:2)
  39 orcs
  14 ball pythons
  9 endoplasms
  6 giant cockroaches
  9 goblins
  11 hobgoblins
  24 kobolds
  4 quokkas
  4 bats
  A frilled lizard (D:1)
  4 rats
  A spectral orc (D:3)
243 creatures vanquished.

Vanquished Creatures (others)
  2 fungi (Lair:1)
  25 plants
27 creatures vanquished.

Grand Total: 270 creatures vanquished

Notes
Turn   | Place    | Note
-------+----------+-------------------------------------------
     0 | D:1      | mcbry74 the Troll Gladiator began the quest for the Orb.
     0 | D:1      | Reached XP level 1. HP: 19/19 MP: 0/0
   207 | D:1      | Reached XP level 2. HP: 27/27 MP: 1/1
   487 | D:1      | Reached skill level 4 in Unarmed Combat
   564 | D:1      | Reached XP level 3. HP: 33/33 MP: 2/2
  1348 | D:2      | Found a sacrificial altar of Ru.
  1366 | D:2      | Noticed Sigmund
  1481 | D:2      | Reached XP level 4. HP: 41/41 MP: 3/3
  1697 | D:2      | Found a faded altar of an unknown god.
  1708 | D:2      | Reached skill level 5 in Unarmed Combat
  2000 | D:3      | Found a burning altar of Makhleb.
  2180 | D:3      | Found a hazy altar of Hepliaklqana.
  2287 | D:3      | Noticed an ogre
  2297 | D:3      | Killed an ogre
  2298 | D:3      | Reached XP level 5. HP: 40/48 MP: 4/4
  2480 | D:2      | Killed Sigmund
  2481 | D:2      | Reached skill level 1 in Maces & Flails
  2481 | D:2      | Reached skill level 6 in Unarmed Combat
  2481 | D:2      | Reached XP level 6. HP: 51/55 MP: 5/5
  2795 | D:4      | Reached skill level 7 in Unarmed Combat
  3096 | D:4      | Noticed an ice beast
  3103 | D:4      | Killed an ice beast
  3104 | D:4      | Reached XP level 7. HP: 62/62 MP: 6/6
  3104 | D:4      | Found a staircase to the Ecumenical Temple.
  3118 | Temple   | Entered the Ecumenical Temple
  3147 | Temple   | Became a worshipper of Warmaster Okawaru
  3366 | D:4      | Identified the +8 falchion of Deflation {spect, Str+2}
  3475 | D:5      | Entered Level 5 of the Dungeon
  3587 | D:5      | Reached skill level 8 in Unarmed Combat
  3741 | D:5      | Reached * piety under Okawaru
  4055 | D:5      | Reached XP level 8. HP: 68/70 MP: 7/7
  4092 | D:6      | Reached skill level 9 in Unarmed Combat
  4910 | D:7      | Identified the +2 robe of Plog {rC- rN+ Will++ rCorr}
  4982 | D:7      | Reached skill level 10 in Unarmed Combat
  4984 | D:7      | Reached skill level 5 in Maces & Flails
  5726 | D:8      | Reached ** piety under Okawaru
  5832 | D:8      | Reached XP level 9. HP: 76/76 MP: 8/8
  5907 | D:8      | Noticed a troll
  5913 | D:8      | Killed a troll
  5914 | D:8      | Reached skill level 11 in Unarmed Combat
  5918 | D:8      | Noticed Joseph
  5919 | D:8      | Noticed an elephant
  5952 | D:8      | Killed an elephant
  5953 | D:8      | Reached skill level 1 in Invocations
  5957 | D:8      | Killed Joseph
  5957 | D:8      | Reached *** piety under Okawaru
  6050 | D:8      | Noticed an elephant
  6061 | D:8      | Killed an elephant
  6062 | D:8      | Reached skill level 1 in Slings
  6135 | D:8      | Noticed an elephant
  6144 | D:8      | Killed an elephant
  6145 | D:8      | Reached skill level 12 in Unarmed Combat
  6145 | D:8      | Reached XP level 10. HP: 46/85 MP: 9/11
  6276 | D:8      | Noticed Harold
  6303 | D:8      | Killed Harold
  6369 | D:8      | Reached **** piety under Okawaru
  6569 | D:8      | Found an ornate altar of the Wu Jian Council.
  6909 | D:8      | Found a staircase to the Lair.
  7127 | Lair:1   | Entered Level 1 of the Lair of Beasts
  7345 | Lair:1   | Noticed a cane toad
  7360 | Lair:1   | Killed a cane toad
  7836 | Lair:1   | Received a gift from Okawaru
  8406 | D:9      | Found a white marble altar of Elyvilon.
  8575 | D:9      | Reached skill level 5 in Invocations
  8620 | D:9      | Received a gift from Okawaru
  8621 | D:9      | Reached XP level 11. HP: 26/92 MP: 13/13
  8744 | D:9      | Identified the +0 leather armour "Hoiju" {Drain rN+ Int+3}
  8912 | D:9      | Found Sywecirgh's Gadget Gallery.
  9037 | D:10     | Entered Level 10 of the Dungeon
  9257 | D:10     | Found a glowing silver altar of Zin.
  9257 | D:10     | Found an opulent altar of Gozag.
  9258 | D:10     | Found a sparkling altar of Nemelex Xobeh.
  9271 | D:10     | Found a shimmering blue altar of Sif Muna.
  9396 | D:10     | Reached skill level 1 in Shields
  9610 | D:10     | Reached ***** piety under Okawaru
 10045 | D:11     | Found a frozen archway.
 10052 | D:11     | Reached skill level 13 in Unarmed Combat
 10055 | IceCv    | Entered an ice cave
 10064 | IceCv    | Identified the +0 robe of Orthodoxy {rPois Str+2} (Okawaru
                  | gifted it to you in an ice cave)
 10064 | IceCv    | Received a gift from Okawaru
 10069 | IceCv    | Reached skill level 5 in Throwing
 10074 | IceCv    | HP: 3/92 [polar bear simulacrum (2)]
 10074 | IceCv    | Mangled by a polar bear simulacrum

Illustrated notes

Levels and vault maps discovered:
D:1:      dpeg_arrival_long_road, layout_loops_ring, serial_aquarium,
          aquarium_bridge_long_joined [aquarium_subvault_bridge,
          aquarium_subvault_bridge, aquarium_subvault_bridge,
          aquarium_subvault_wall, aquarium_subvault_bridge,
          aquarium_subvault_window], aquarium_bridge_straight
          [aquarium_subvault_bridge, aquarium_subvault_wall,
          aquarium_subvault_bridge, aquarium_subvault_wall],
          aquarium_window_corner, aquarium_window_2, aquarium_window_corner,
          aquarium_window_corridor_1, aquarium_view_2c, aquarium_balcony_3b,
          hangedman_decor_slide_cut, minmay_tripent
D:2:      layout_loops_ring, basic_altar, chequers_ecumenical_altar_simple,
          uniq_sigmund
D:3:      layout_basic, nicolae_hepliaklqana_monster_ancestors,
          mainiacjoe_overflow_alcove_2
D:4:      layout_basic, minmay_temple_entry_slanted
D:5:      layout_rooms
D:6:      layout_cave_pools, kennysheep_cluttered_room, kennysheep_nondescript
D:7:      layout_basic
D:8:      wad_woods_settlement, layout_basic,
          nicolae_wu_jian_immortal_techniques, david_lair_shrubbed,
          minmay_fractal_squares_5, uniq_harold, uniq_joseph
D:9:      layout_rooms, mainiacjoe_overflow_six_doors_small,
          nicolae_shop_gadgets
D:10:     layout_stronghold, nicolae_overflow_quartered_altars,
          nicolae_figureground_sparkle
D:11:     layout_loops_ring, portal_ice_cave_rime
Temple:   jpeg_temple_clearing
Lair:1:   layout_layer_cave, serial_bayou_shore_a
IceCv:    ice_cave_statue_garden_chambered

Skill      XL: |  1  2  3  4  5  6  7  8  9 10 11 |
---------------+----------------------------------+-----
Unarmed Combat | 4 5 6 7 8 10 12 13 | 13.0
Maces & Flails | 1 2 3 5 6 7 8 |  8.2
Invocations    | 2 5 |  5.0
Slings         | 1 2 |  2.1
Throwing       | 4 5 |  5.0
Shields        | 2 |  2.0
Dodging        | 3 |  3.1
Fighting       | |  1.5

Action                   |  1- 3 |  4- 6 |  7- 9 | 10-12 || total
-------------------------+-------+-------+-------+-------++-------
Melee: Unarmed           |   116 |    93 |   286 |   226 ||   721
       Punch             |     3 |     5 |    10 |     8 ||    26
 Fire: Hunting sling     |       |       |     5 |       ||     5
Throw: Throwing net      |     1 |     3 |     4 |       ||     8
       Dart              |       |     1 |     1 |    13 ||    15
       Boomerang         |       |     3 |     2 |    12 ||    17
       Stone             |       |       |     1 |       ||     1
Invok: Heroism           |       |       |     2 |     2 ||     4
       Finesse           |       |       |       |     2 ||     2
  Use: Scroll            |       |       |     5 |    14 ||    19
 Stab: Sleeping          |     3 |       |     1 |       ||     4
Armor: Robe              |    40 |    14 |    73 |    20 ||   147
       Steam dragon scal |       |       |       |    44 ||    44
Dodge: Dodged            |    64 |    35 |   131 |   103 ||   333
Block: Tower shield      |       |       |       |    79 ||    79
